Map: [ESL] Crimson Court

Players

ShoWTimE

  • Race: Protoss Protoss
  • Spawn Location: 7:00

Harstem - Winner!

  • Race: Protoss Protoss
  • Spawn Location: 1:00

Event: ESL SC2 Masters 2024 Spring (Regional)

VOD

Have the link to the VOD?

Description

Time

  • Played on: May 3, 2024, 10:29 a.m.
  • Length: 7:09

All games in this series

Show
View Real Time Build Order
Export as new Build Order

ShoWTimE Protoss 

Build Orders: Phoenix Opening, Blink Stalkers 

Get SALT Encoding   

  12  0:00  Probe  
  13  0:12  Probe  
  14  0:16  Pylon  
  14  0:24  Probe (Chrono Boost)  
  15  0:36  Probe (Chrono Boost), Gateway  
  16  0:44  Probe (Chrono Boost)  
  16  0:45  Assimilator  
  17  0:50  Probe  
  18  1:03  Probe (Chrono Boost)  
  19  1:04  Assimilator  
  19  1:09  Gateway  
  19  1:13  Probe (Chrono Boost)  
  19  1:18  Probe (Chrono Boost)  
  20  1:23  Cybernetics Core  
  21  1:29  Probe  
  22  1:35  Pylon  
  22  1:41  Probe  
  23  1:53  Probe  
  24  1:59  Stalker  
  24  2:00  Warp Gate  
  28  2:05  Sentry, Probe  
  29  2:11  Pylon  
  29  2:17  Probe  
  30  2:26  Pylon  
  30  2:28  Sentry  
  32  2:34  Probe  
  33  2:43  Nexus  
  33  2:45  Sentry  
  33  2:48  Probe (Chrono Boost)  
  37  2:58  Probe (Chrono Boost)  
  37  2:59  Twilight Council  
  37  3:03  Probe (Chrono Boost)  
  38  3:08  Pylon  
  38  3:14  Probe (Chrono Boost)  
  38  3:16  Phoenix  
  39  3:27  Probe (Chrono Boost)  
  40  3:33  Blink (Chrono Boost)  
  40  3:36  Probe (Chrono Boost)  
  40  3:41  Probe  
  41  3:47  Stalker x2  
  46  3:55  Probe x2 (Chrono Boost)  
  47  4:00  Phoenix  
  48  4:07  Probe (Chrono Boost)  
  50  4:10  Probe (Chrono Boost)  
  50  4:13  Probe (Chrono Boost)  
  50  4:15  Nexus  
  51  4:17  Probe  
  51  4:22  Probe  
  53  4:24  Pylon  
  53  4:29  Assimilator, Probe  
  54  4:34  Probe  
  54  4:35  Robotics Facility  
  54  4:38  Sentry  
  57  4:40  Stalker  
  57  4:44  Shield Battery  
  59  4:46  Probe  
  59  4:47  Probe  
  59  4:51  Pylon  
  61  4:57  Phoenix  
  61  4:58  Probe  
  61  4:59  Probe  
  62  5:01  Stalker  
  64  5:07  Stalker  
  64  5:10  Probe  
  64  5:11  Probe  
  64  5:14  Phoenix  
  68  5:15  Forge  
  68  5:20  Pylon  
  68  5:23  Probe (Chrono Boost)  
  68  5:27  Probe (Chrono Boost)  
  71  5:28  Probe (Chrono Boost)  
  71  5:34  Probe (Chrono Boost)  
  74  5:36  Probe (Chrono Boost)  
  74  5:38  Probe (Chrono Boost)  
  74  5:39  Probe (Chrono Boost)  
  74  5:40  Observer  
  74  5:41  Probe (Chrono Boost)  
  75  5:46  Probe, Gateway  
  75  5:47  Gateway  
  78  5:50  Probe  
  78  5:53  Probe  
  78  5:55  Pylon  
  80  5:59  Immortal (Chrono Boost), Gateway  
  80  6:00  Gateway  
  84  6:11  Zealot x2, Probe  
  84  6:13  Assimilator  
  89  6:20  Gateway  
  89  6:22  Gateway  
  89  6:27  Photon Cannon  
  89  6:29  Shield Battery  
  89  6:32  Sentry, Stalker  
  93  6:38  Shield Battery  
  93  6:39  Shield Battery  
  93  6:43  Stalker x2  
  97  6:54  Stalker x2  
  76  6:57  Stalker x2  
Show
View Real Time Build Order
Export as new Build Order

Harstem Protoss - Winner!

Build Orders: Phoenix Opening 

Get SALT Encoding   

  12  0:00  Probe  
  13  0:12  Probe  
  14  0:17  Pylon  
  14  0:24  Probe (Chrono Boost)  
  15  0:36  Probe (Chrono Boost)  
  15  0:37  Gateway  
  16  0:45  Probe (Chrono Boost)  
  16  0:46  Assimilator  
  17  0:51  Probe  
  17  0:54  Assimilator  
  18  1:03  Probe (Chrono Boost)  
  19  1:07  Gateway  
  20  1:12  Probe (Chrono Boost)  
  20  1:17  Probe (Chrono Boost)  
  20  1:24  Cybernetics Core  
  21  1:29  Probe  
  22  1:35  Pylon  
  22  1:41  Probe  
  23  1:53  Probe  
  24  1:59  Sentry, Stalker  
  24  2:00  Warp Gate  
  28  2:05  Probe  
  28  2:07  Pylon  
  29  2:13  Pylon  
  29  2:18  Probe  
  30  2:25  Sentry  
  32  2:35  Phoenix  
  32  2:37  Sentry  
  34  2:44  Nexus  
  34  2:50  Probe  
  35  2:56  Robotics Facility  
  35  3:03  Pylon  
  35  3:04  Probe  
  36  3:11  Phoenix  
  36  3:16  Probe  
  37  3:28  Probe  
  38  3:40  Probe  
  38  3:41  Observer (Chrono Boost), Nexus  
  39  3:42  Phoenix  
  40  3:48  Sentry  
  43  3:57  Stalker  
  43  4:00  Immortal (Chrono Boost), Probe  
  45  4:06  Probe  
  50  4:12  Probe  
  51  4:18  Zealot, Probe  
  54  4:24  Probe  
  54  4:27  Twilight Council  
  54  4:29  Immortal (Chrono Boost)  
  56  4:32  Immortal (Chrono Boost)  
  56  4:38  Probe  
  60  4:40  Probe  
  61  4:46  Pylon  
  61  4:50  Probe  
  62  4:53  Gateway  
  62  4:55  Probe  
  62  4:56  Probe  
  64  5:03  Probe  
  64  5:04  Observer, Immortal  
  64  5:05  Resonating Glaives (Chrono Boost)  
  69  5:07  Probe  
  71  5:15  Probe  
  71  5:17  Gateway  
  72  5:22  Probe, Forge  
  72  5:24  Probe  
  72  5:25  Observer  
  72  5:27  Probe  
  74  5:34  Probe  
  75  5:35  Gateway  
  75  5:36  Probe  
  75  5:39  Phoenix, Probe  
  75  5:40  Gateway  
  77  5:44  Warp Prism (Chrono Boost)  
  77  5:47  Probe  
  80  5:50  Pylon  
  82  5:59  Gateway  
  82  6:01  Probe, Gateway  
  81  6:09  Pylon, Probe  
  82  6:11  Adept x3  
  82  6:17  Pylon, Adept  
  90  6:20  Pylon  
  90  6:22  Pylon  
  89  6:32  Adept x2  
  97  6:35  Adept  
  99  6:42  Pylon  
  99  6:53  Pylon  
Tags
 
Add a new tag
Caveats
  • Supply blocks, unpowered buildings, or Contaminate may cause inaccurate times.
  • Supply counts are checked every 10 seconds.